Map: Ephemeron LE

Players

Ratl - Winner!

  • Race: Protoss Protoss
  • Spawn Location: 11:00

VOD

Have the link to the VOD?

Description

Time

  • Played on: Oct. 29, 2019, 10:32 p.m.
  • Length: 34:17
Show
View Real Time Build Order
Export as new Build Order

Ratl Protoss - Winner!

Build Orders:  

Get SALT Encoding   

  12  0:05  Probe (Chrono Boost)  
  14  0:21  Probe (Chrono Boost)  
  14  0:33  Pylon  
  14  0:38  Probe (Chrono Boost)  
  15  0:44  Pylon  
  15  0:57  Probe (Chrono Boost)  
  16  1:08  Probe (Chrono Boost)  
  16  1:15  Gateway  
  17  1:27  Assimilator  
  17  1:36  Assimilator  
  17  2:04  Probe (Chrono Boost)  
  19  2:21  Probe (Chrono Boost)  
  19  2:33  Probe (Chrono Boost)  
  20  2:44  Probe (Chrono Boost)  
  20  2:46  Zealot  
  23  2:58  Probe (Chrono Boost)  
  24  3:15  Probe (Chrono Boost)  
  25  3:24  Zealot  
  27  3:42  Nexus  
  27  4:01  Assimilator  
  27  4:02  Zealot  
  27  4:04  Assimilator  
  29  4:40  Zealot  
  31  5:22  Zealot  
  31  5:24  Probe (Chrono Boost)  
  34  5:36  Probe (Chrono Boost)  
  35  5:49  Probe (Chrono Boost)  
  36  6:00  Zealot  
  36  6:06  Probe (Chrono Boost)  
  39  6:23  Probe (Chrono Boost), Pylon  
  39  6:28  Pylon  
  40  6:33  Pylon  
  40  6:38  Zealot  
  43  6:40  Probe (Chrono Boost)  
  43  6:42  Pylon  
  43  6:46  Pylon  
  43  6:57  Probe (Chrono Boost), Cybernetics Core  
  44  7:03  Forge  
  44  7:16  Zealot  
  46  7:54  Zealot  
  48  8:09  Gateway  
  48  8:11  Protoss Ground Weapons Level 1  
  48  8:14  Protoss Air Weapons Level 1  
  48  8:23  Twilight Council  
  48  8:27  Stargate  
  48  8:29  Stargate  
  48  8:32  Zealot  
  48  8:39  Robotics Facility  
  50  8:42  Robotics Facility  
  50  8:50  Probe (Chrono Boost)  
  51  9:02  Probe (Chrono Boost)  
  52  9:10  Zealot  
  52  9:14  Probe (Chrono Boost)  
  57  9:30  Probe x2 (Chrono Boost)  
  57  9:41  Stalker  
  57  9:46  Void Ray  
  57  9:47  Probe (Chrono Boost)  
  57  9:48  Stalker  
  66  10:19  Warp Prism  
  60  10:20  Immortal  
  60  10:23  Stalker  
  56  10:30  Stalker  
  50  11:05  Stalker  
  50  11:06  Protoss Ground Armor Level 1 (Chrono Boost)  
  50  11:09  Immortal  
  56  11:12  Zealot  
  56  11:14  Protoss Air Armor Level 1  
  49  11:45  Immortal, Zealot (Chrono Boost)  
  49  11:47  Zealot (Chrono Boost)  
  56  12:08  Shield Battery  
  52  12:14  Zealot (Chrono Boost), Shield Battery  
  52  12:16  Zealot (Chrono Boost)  
  52  12:18  Shield Battery  
  48  12:40  Immortal  
  48  12:49  Stalker  
  54  12:52  Stalker  
  56  13:26  Nexus  
  56  13:31  Stalker  
  56  13:34  Stalker  
  56  13:35  Immortal  
  64  14:04  Assimilator  
  64  14:05  Assimilator  
  64  14:13  Zealot  
  64  14:15  Zealot  
  64  14:19  Protoss Shields Level 1 (Chrono Boost)  
  68  14:27  Dark Shrine  
  68  14:51  Zealot  
  68  14:59  Pylon  
  70  15:03  Pylon  
  70  15:06  Zealot  
  70  15:07  Pylon  
  72  15:14  Warp Gate  
  72  15:50  Photon Cannon  
  72  15:53  Unknown  
  72  15:54  Photon Cannon  
  72  15:59  Pylon  
  68  16:21  Probe (Chrono Boost)  
  69  16:39  Void Ray x2  
  78  17:03  Nexus  
  78  17:05  Probe (Chrono Boost)  
  78  17:22  Probe (Chrono Boost)  
  79  17:39  Probe (Chrono Boost)  
  80  17:56  Probe (Chrono Boost), Assimilator  
  81  18:02  Assimilator  
  81  18:08  Pylon  
  81  18:12  Pylon  
  81  18:15  Zealot x2  
  81  18:16  Pylon  
  85  18:23  Pylon  
  85  18:53  Zealot x2  
  85  18:59  Unknown  
  89  19:02  Probe (Chrono Boost)  
  90  19:13  Probe (Chrono Boost)  
  90  19:17  Probe (Chrono Boost)  
  92  19:20  Zealot x2  
  92  19:28  Probe x2 (Chrono Boost)  
  98  19:40  Probe (Chrono Boost)  
  98  19:45  Probe (Chrono Boost)  
  100  19:54  Probe (Chrono Boost), Protoss Ground Weapons Level 2 (Chrono Boost), Zealot  
  100  19:55  Zealot  
  100  19:57  Robotics Bay  
  105  20:02  Probe (Chrono Boost)  
  112  20:26  Void Ray x2  
  114  20:38  Unknown  
  104  20:56  Unknown  
  104  21:03  Probe (Chrono Boost)  
  105  21:14  Probe (Chrono Boost)  
  106  21:23  Dark Templar x2  
  106  21:27  Probe (Chrono Boost)  
  111  21:31  Void Ray  
  115  21:44  Probe (Chrono Boost)  
  116  21:53  Blink  
  117  22:01  Probe (Chrono Boost)  
  117  22:14  Dark Templar  
  117  22:18  Dark Templar (Chrono Boost)  
  121  22:26  Probe (Chrono Boost)  
  122  22:38  Probe (Chrono Boost)  
  122  22:46  Nexus  
  122  22:49  Void Ray, Templar Archives  
  123  22:50  Probe (Chrono Boost), Void Ray  
  123  22:51  Assimilator  
  123  22:52  Assimilator  
  124  23:05  Dark Templar (Chrono Boost)  
  124  23:06  Dark Templar (Chrono Boost)  
  134  23:17  Protoss Ground Armor Level 2  
  136  23:39  Robotics Bay  
  136  23:49  Void Ray  
  142  24:02  Dark Templar (Chrono Boost)  
  142  24:13  Charge  
  142  24:21  Void Ray  
  142  24:29  Zealot (Chrono Boost)  
  148  24:34  Unknown  
  136  24:49  Void Ray, Unknown  
  126  24:54  Zealot (Chrono Boost)  
  126  25:07  Zealot (Chrono Boost)  
  128  25:21  Void Ray  
  134  25:32  Zealot (Chrono Boost)  
  132  25:44  Zealot (Chrono Boost)  
  122  26:07  Immortal x2  
  122  26:08  Zealot (Chrono Boost)  
  130  26:13  Phoenix  
  130  26:18  Stalker (Chrono Boost)  
  128  26:20  Probe (Chrono Boost)  
  128  26:21  Phoenix  
  127  26:33  Probe (Chrono Boost)  
  127  26:38  Protoss Shields Level 2  
  128  26:43  Zealot  
  128  26:46  Probe (Chrono Boost)  
  127  26:59  Zealot  
  125  27:02  Immortal  
  125  27:03  Probe (Chrono Boost)  
  132  27:21  Zealot  
  130  27:31  Immortal (Chrono Boost)  
  130  27:33  Unknown  
  130  27:37  Zealot  
  128  27:54  Stalker  
  126  28:01  Void Ray x2  
  126  28:04  Stalker  
  136  28:22  Colossus (Chrono Boost)  
  136  28:26  Stalker  
  144  28:42  Zealot  
  144  28:43  Unknown  
  138  29:01  Void Ray x2  
  138  29:08  Zealot  
  144  29:20  Zealot  
  134  29:46  Zealot  
  136  29:58  Zealot  
  138  30:01  Void Ray  
  142  30:24  Zealot  
  144  30:36  Stalker  
  128  32:03  Zealot x2  
  144  32:11  Unknown  
  144  32:13  Void Ray x2  
  150  32:20  Colossus x2 (Chrono Boost)  
  150  32:41  Zealot x2  
  150  33:19  Stalker x2  
Tags
 
Add a new tag
Caveats
  • Supply blocks, unpowered buildings, or Contaminate may cause inaccurate times.
  • Supply counts are checked every 10 seconds.